 Dungeon Crawl Stone Soup version 0.27-a0-1181-g5f64966fcc (webtiles) character file.

Game seed: 15232288833526341850

5876 leviel the Cleaver (level 10, 0/91 HPs)
             Began as a Minotaur Fighter on May 17, 2021.
             Was a Believer of Qazlal.
             Killed from afar by an electric eel (7 damage)
             ... with a bolt of electricity
             ... on level 9 of the Dungeon.
             The game lasted 00:09:47 (9994 turns).

leviel the Cleaver (Minotaur Fighter)               Turns: 9994, Time: 00:09:49

Health: 0/91       AC: 15    Str: 23    XL:     10   Next: 52%
Magic:  9/9        EV: 10    Int:  5    God:    Qazlal [**....]
Gold:   254        SH: 19    Dex: 11    Spells: 9/9 levels left

rFire    + . .     SeeInvis .   a - +0 war axe
rCold    . . .     Faith    .   E - +0 kite shield
rNeg     . . .     Spirit   .   c - +0 plate armour
rPois    .         Reflect  +   (helmet restricted)
rElec    .         Harm     .   y - +0 cloak
rCorr    .         Rampage  .   (no gloves)
Will     .....                  (no boots)
Stlth    ..........             p - amulet of reflection
HPRegen  0.25/turn              w - ring of protection from fire
MPRegen  0.11/turn              n - +4 ring of evasion

@: mighty
A: horns 2, retaliatory headbutt
a: Renounce Religion, Upheaval


You were on level 9 of the Dungeon.
You worshipped Qazlal.
Qazlal was pleased with you.
You visited 2 branches of the dungeon, and saw 10 of its levels.

You collected 344 gold pieces.
You spent 90 gold pieces at shops.

Inventory:

Hand Weapons
 a - a +0 war axe (weapon)
Missiles
 A - 5 throwing nets (quivered)
Armour
 c - a +0 plate armour (worn)
 y - a +0 cloak (worn)
 E - a +0 kite shield (worn)
Jewellery
 j - a ring of flight
 n - a +4 ring of evasion (right hand)
 p - an amulet of reflection (around neck)
 w - a ring of protection from fire (left hand)
 G - a +4 ring of protection
Wands
 s - a wand of paralysis (18)
 F - a wand of charming (8)
 H - a wand of iceblast (7)
Scrolls
 e - 3 scrolls of enchant armour {unknown}
 f - a scroll of vulnerability {unknown}
 g - a scroll of torment {unknown}
 h - 5 scrolls of teleportation {unknown}
 k - 5 scrolls of magic mapping {unknown}
 m - a scroll of noise {unknown}
 o - 4 scrolls of identify {unknown}
 q - 2 scrolls of fog {unknown}
 r - 2 scrolls of enchant weapon {unknown}
 B - 2 scrolls of silence {unknown}
 C - 2 scrolls of amnesia {unknown}
Potions
 b - a potion of heal wounds {unknown}
 d - 5 potions of might
 i - a potion of cancellation {unknown}
 l - a potion of ambrosia {unknown}
 t - 2 potions of invisibility {unknown}
 u - 2 potions of brilliance {unknown}
 v - 5 potions of lignification {unknown}
 x - 6 potions of curing {unknown}
 z - a potion of flight {unknown}
 D - 2 potions of attraction {unknown}


   Skills:
 + Level 9.3 Fighting
 * Level 12.0 Axes
 + Level 9.2 Armour
 + Level 9.3 Shields


You had 9 spell levels left.
You didn't know any spells.
Your spell library contained the following spells:

 Spells                   Type           Power      Damage    Failure   Level
 Animate Skeleton         Necr           0%         N/A       100%        1
 Magic Dart               Conj           0%         1d3       100%        1
 Pain                     Necr           0%         1d4       100%        1
 Blink                    Tloc           N/A        N/A       100%        2
 Call Imp                 Summ           0%         N/A       100%        2
 Slow                     Hex            0%         N/A       100%        2
 Conjure Flame            Conj/Fire      0%         6-21      100%        3
 Mephitic Cloud           Conj/Pois/Air  0%         N/A       100%        3
 Vampiric Draining        Necr           0%         2d6       100%        3
 Animate Dead             Necr           0%         N/A       100%        4
 Agony                    Necr           0%         N/A       100%        5


Dungeon Overview and Level Annotations

Branches:
Dungeon (9/15)             Temple (1/1) D:6             Orc (0/2) D:9
   Lair: D:8-11

Altars:
Ashenzari
Cheibriados
Dithmenos
Elyvilon
Fedhas
Gozag
Hepliaklqana
Kikubaaqudgha
Makhleb
Nemelex Xobeh
Okawaru
Qazlal
Ru
Sif Muna
Trog
Uskayaw
Vehumet
Wu Jian
Xom
Yredelemnul
Zin
The Shining One

Shops:
D:2 [   D:3 !

Annotations:
D:4 1 runed translucent door, Crazy Yiuf


Innate Abilities, Weirdness & Mutations

You have a pair of horns on your head.
You reflexively headbutt those who attack you in melee.


Message History

You hit the deep troll but do no damage.
Your headbutt misses the deep troll.
The deep troll is moderately wounded.
You block the deep troll's attack. The deep troll barely misses you.
You block the deep troll's attack.
You hit the deep troll. You headbutt the deep troll.
The deep troll is heavily wounded.
You hit the iron troll but do no damage.
You hit the iron troll but do no damage.
The iron troll bites you. You block the iron troll's attack. x2
You hit the iron troll but do no damage.
You headbutt the iron troll.
The iron troll is lightly wounded.
You slash the iron troll!
The iron troll is moderately wounded.
The iron troll bites you. You block the iron troll's attack.
The iron troll claws you!
You hit the iron troll but do no damage.
The iron troll is moderately wounded.
The iron troll bites you! The iron troll claws you!
* * * LOW HITPOINT WARNING * * *
You block the iron troll's attack.
You are too injured to fight recklessly!
You are too injured to fight recklessly!
You are too injured to fight recklessly!
You are too injured to fight recklessly!
You are too injured to fight recklessly!
You are too injured to fight recklessly!
You are too injured to fight recklessly!
You are too injured to fight recklessly!
Unknown command.
You feel very mighty all of a sudden.
You hit the iron troll but do no damage.
The iron troll is moderately wounded.
The iron troll bites you!
* * * LOW HITPOINT WARNING * * *
You block the iron troll's attack. The iron troll closely misses you.
The electric eel shoots out a bolt of lightning at you!
The bolt of electricity hits you!
You die...

≈≈≈≈≈≈≈.....#
(....≈≈≈≈≈≈≈.....#
.....≈≈####≈.....#
.....≈≈#?.#≈.....#
.....≈≈#TT#≈.....#
.....≈≈#..#≈....(#
.....≈≈#T##≈.....#
.....≈≈≈T≈≈≈.....#
(.......TTT@.....#
######
.....≈≈≈.≈≈≈☼....#
#.....
.....≈##+#≈≈.....#
#..... .....≈
#≈≈.....# #.....
..... #≈≈.....#
#..... .....
#≈≈.....# #.....
.... #;≈.....#
#..... ....
≈≈≈.....# #.....
#.....


You could see an iron troll, a deep troll, 3 trolls and an electric eel.

Vanquished Creatures
  Harold (D:7)
  2 two-headed ogres (D:8)
  3 yaks (D:9)
  A wyvern (D:7)
  Eustachio (D:4)
  A steam dragon (D:6)
  2 water moccasins
  A cane toad zombie (D:9)
  An orc warrior (D:6)
  2 black bears
  3 necrophages
  3 centaurs
  2 ogres (D:6)
  A bullfrog (D:9)
  2 scorpions (D:6)
  A water moccasin skeleton (D:4)
  A wyvern skeleton (D:7)
  6 killer bees (D:8)
  An electric eel (D:9)
  5 wights (D:8)
  2 centaur zombies (D:8)
  3 jellies
  A bullfrog zombie (D:6)
  A gnoll shaman (D:5)
  3 orc priests
  4 hounds
  A bullfrog skeleton (D:6)
  An iguana (D:6)
  11 orc wizards
  A killer bee zombie (D:7)
  11 adders
  8 gnolls
  A shadow imp (D:6)
  A white imp (D:5)
  2 ufetubi
  3 worms
  16 orcs
  9 endoplasms
  3 giant cockroaches
  4 goblins
  8 hobgoblins
  13 jackals
  7 kobolds
  3 quokkas
  7 ball pythons
  5 bats
  2 frilled lizards (D:3)
  2 rats (D:1)
173 creatures vanquished.

Vanquished Creatures (others)
  An orc wizard (D:4)
1 creature vanquished.

Grand Total: 174 creatures vanquished

Notes
Turn   | Place    | Note
-------+----------+-------------------------------------------
     0 | D:1      | leviel the Minotaur Fighter began the quest for the Orb.
     0 | D:1      | Reached XP level 1. HP: 19/19 MP: 0/0
   176 | D:1      | Reached XP level 2. HP: 27/27 MP: 1/1
   263 | D:1      | Reached skill level 3 in Axes
   625 | D:1      | Found a faded altar of an unknown god.
   675 | D:1      | Reached XP level 3. HP: 28/33 MP: 2/2
  1204 | D:2      | Reached XP level 4. HP: 11/40 MP: 3/3
  1505 | D:2      | Found Axtaf's Antique Armour Shoppe.
  1565 | D:2      | Reached skill level 4 in Axes
  2438 | D:3      | Reached XP level 5. HP: 46/47 MP: 4/4
  2644 | D:3      | Found Kazetsuq's Distillery.
  2678 | D:3      | Bought a potion of degeneration for 10 gold pieces
  2678 | D:3      | Bought a potion of might for 40 gold pieces
  2678 | D:3      | Bought a potion of might for 40 gold pieces
  2995 | D:4      | Reached skill level 5 in Axes
  3000 | D:4      | Reached XP level 6. HP: 51/55 MP: 5/5
  3212 | D:4      | Noticed Eustachio
  3251 | D:4      | Killed Eustachio
  3252 | D:4      | Reached skill level 5 in Fighting
  3252 | D:4      | Reached skill level 5 in Armour
  3252 | D:4      | Reached skill level 5 in Shields
  3737 | D:4      | Reached skill level 6 in Axes
  4030 | D:4      | Found a white marble altar of Elyvilon.
  4076 | D:4      | Found a runed translucent door.
  4077 | D:4      | Noticed Crazy Yiuf
  4295 | D:5      | Entered Level 5 of the Dungeon
  4317 | D:5      | Reached XP level 7. HP: 35/61 MP: 6/6
  4862 | D:5      | Reached skill level 7 in Axes
  5186 | D:6      | Found a staircase to the Ecumenical Temple.
  5258 | D:6      | Found a glowing silver altar of Zin.
  5262 | Temple   | Entered the Ecumenical Temple
  5469 | Temple   | Became a worshipper of Qazlal Stormbringer
  5558 | D:6      | Reached XP level 8. HP: 60/70 MP: 7/7
  5690 | D:6      | Reached skill level 8 in Axes
  6486 | D:6      | Reached skill level 9 in Axes
  6754 | D:6      | Found a blossoming altar of Fedhas.
  6924 | D:7      | Reached XP level 9. HP: 73/79 MP: 8/8
  7109 | D:7      | Reached * piety under Qazlal
  7790 | D:7      | Noticed Harold
  7799 | D:7      | Killed Harold
  7800 | D:7      | Reached skill level 10 in Axes
  8431 | D:8      | Noticed a two-headed ogre
  8436 | D:8      | Killed a two-headed ogre
  8437 | D:8      | Reached skill level 11 in Axes
  8437 | D:8      | Reached XP level 10. HP: 71/90 MP: 9/9
  9251 | D:8      | Noticed a two-headed ogre
  9270 | D:8      | Killed a two-headed ogre
  9281 | D:8      | Reached ** piety under Qazlal
  9539 | D:9      | Found a staircase to the Orcish Mines.
  9972 | D:9      | Reached skill level 12 in Axes
  9974 | D:9      | Noticed an iron troll
  9974 | D:9      | Noticed a deep troll
  9994 | D:9      | Killed from afar by an electric eel

Illustrated notes

Levels and vault maps discovered:
D:1:      onia_arrival_mini_spirals, layout_loops_cross,
          hellmonk_ecumenical_altar_zigzags
D:2:      layout_rooms, serial_shops, nicolae_shop_competitors_out_of_business
D:3:      minmay_wonky_spiral, layout_basic, serial_shops, shop, minivault_5
D:4:      layout_loops_cross, general_overflow_altar, uniq_crazy_yiuf_cottage,
          uniq_eustachio
D:5:      layout_cave_pools, chequers_serial_rivers_marsh
D:6:      layout_basic, minmay_temple_entry_slanted, serial_corexii_hall,
          corexii_hall_statues_x, corexii_hall_statues_l,
          chequers_hall_statues_wall_a, chequers_hall_statues_y,
          hangedman_feature_mirror, minmay_fractal_squares_gapless_5
D:7:      layout_layer_cave, kennysheep_generic_room_10, uniq_harold
D:8:      layout_loops_ring, kennysheep_big_empty_room, grunt_tough_drop
D:9:      lemuel_troll_bridge, layout_basic
Temple:   minmay_crystal_snake_temple

Skill      XL: |  1  2  3  4  5  6  7  8  9 10 |
---------------+-------------------------------+-----
Axes           | 3 4 5 6 7 9 11 12 | 12.0
Shields        | 4 5 6 7 8 9 |  9.3
Fighting       | 4 5 6 7 8 9 |  9.3
Armour         | 4 5 6 7 8 9 |  9.2

Action                   |  1- 3 |  4- 6 |  7- 9 | 10-12 || total
-------------------------+-------+-------+-------+-------++-------
Melee: War axe           |    73 |   143 |   199 |   130 ||   545
       Headbutt          |     7 |    29 |    47 |    35 ||   118
  Use: Potion            |       |       |       |     1 ||     1
Armor: Scale mail        |    60 |    51 |    59 |       ||   170
       Plate armour      |       |       |     5 |    28 ||    33
Dodge: Dodged            |    37 |    50 |    67 |    34 ||   188
Block: Kite shield       |    61 |   102 |   167 |   112 ||   442
       Reflection        |       |       |     3 |     1 ||     4

Table legend: (Time is in decaauts)
 A = Elapsed time spent in this place.
 B = Non-inter-level travel time spent in this place.
 C = Inter-level travel time spent in this place.
 D = Time resting spent in this place.
 E = Time spent auto-exploring this place.
 F = Levels seen in this place.
 G = Mean time per level.
                   A        B        C        D        E       F      G
               +--------+--------+--------+--------+--------+-----+--------+
         Total |  10158 |   9828 |    330 |   2024 |   6559 |  10 | 1015.8 |
       Dungeon |   9920 |   9657 |    263 |   2024 |   6390 |   9 | 1102.2 |
        Temple |    237 |    170 |     67 |      0 |    169 |   1 |  237.0 |
               +--------+--------+--------+--------+--------+-----+--------+

Top non-repeatable levels by time:
     D:6: 1569 daAuts
     D:4: 1565 daAuts
     D:7: 1382 daAuts
     D:8: 1249 daAuts
     D:1: 1213 daAuts
     D:2: 1024 daAuts
     D:3: 784 daAuts
     D:5: 658 daAuts
     D:9: 473 daAuts
  Temple: 237 daAuts
